 Dungeon Crawl Stone Soup version 0.26.0-16-gc1dbca0489 (webtiles) character file.

Game seed: 7347542424259855371

7 Gauvater the Firebug (level 2, -3/17 HPs)
             Began as an Octopode Fire Elementalist on Jan 21, 2021.
             Slain by a hobgoblin
             ... wielding a +0 club
              (7 damage)
             ... on level 1 of the Dungeon.
             The game lasted 00:02:03 (124 turns).

Gauvater the Firebug (Octopode Fire Elementalist)    Turns: 124, Time: 00:02:06

Health: -3/17      AC:  1    Str:  7    XL:     2   Next: 0%
Magic:  1/5        EV: 13    Int: 17    God:
Gold:   14         SH:  0    Dex: 12    Spells: 4/5 levels left

rFire    . . .     SeeInvis .   (no weapon)
rCold    . . .     Faith    .   (no shield)
rNeg     . . .     Spirit   .   (helmet restricted)
rPois    .         Reflect  .   (no amulet)
rElec    .         Harm     .   (no ring)
rCorr    .         Rampage  .   (no ring)
Will     .....                  (no ring)
Stlth    +++.......             (no ring)
HPRegen  0.05/turn              (no ring)
MPRegen  0.09/turn              (no ring)
                                (no ring)
                                (no ring)

@: no status effects
A: almost no armour, stealthy swim, amphibious, 8 rings, constrict 8, camouflage
1, gelatinous body 1
a: no special abilities


You were on level 1 of the Dungeon.
You visited 1 branch of the dungeon, and saw 1 of its levels.

You collected 14 gold pieces.

Inventory:

Missiles
 a - 12 poisoned darts
 b - 6 boomerangs
Scrolls
 c - a scroll of remove curse {unknown}


   Skills:
 + Level 2.0 Dodging
 + Level 2.6 Stealth
 + Level 2.1 Spellcasting
 + Level 1.2 Conjurations
 + Level 3.3 Fire Magic


You had 4 spell levels left.
You knew the following spells:

 Your Spells              Type           Power        Failure   Level
a - Foxfire               Conj/Fire      36%          8%          1

Your spell library contained the following spells:

 Spells                   Type           Power        Failure   Level
 Conjure Flame            Conj/Fire      9%           22%         3
 Inner Flame              Hex/Fire       7%           28%         3
 Sticky Flame             Conj/Fire      9%           58%         4
 Fireball                 Conj/Fire      4%           91%         5


Dungeon Overview and Level Annotations

Branches:
Dungeon (1/15)

Altars:


Innate Abilities, Weirdness & Mutations

You cannot wear most types of armour.
You are very stealthy in the water. (Stealth+)
You are amphibious.
You can wear up to eight rings at the same time.
You can use your tentacles to constrict eight enemies at once.
Your skin changes colour to match your surroundings (Stealth+).
Your rubbery body absorbs attacks. (AC +1, EV +1)


Message History

The bat hits you but does no damage.
You closely miss the bat. Your grab misses the bat. The bat barely misses you.
The hobgoblin barely misses you. The bat hits you.
* * * LOW HITPOINT WARNING * * *
Casting: Foxfire (safe; 8% risk of failure)
Confirm with . or Enter, or press ? or * to list all spells.
You conjure some foxfire!
The bat hits you.
* * * LOW HITPOINT WARNING * * *
The bat barely misses you. The hobgoblin closely misses you.
The foxfire hits the goblin.
You kill the goblin!
You have reached level 2!
You closely miss the hobgoblin. You grab the hobgoblin.
You constrict the hobgoblin, but do no damage.
The foxfire hits the hobgoblin.
The hobgoblin is almost dead.
The bat closely misses you. The bat barely misses you.
The hobgoblin hits you with a +0 club!
You die...

#. ###..# #. #..).# #. #..###
#.### #..# #.#.###..#####
#.)..........##
#.....#.###...#.#.## .##
#.#####b# #[.##.##.##
.#.......##@###..##.###.##
.......>...##.#)g.##..........#
#.##..#.##.##..#.#.#..##.###..#
#.##..#...............##.##.#.#
#.##..#..#.##..#.#.###.#.#.##.#
#.##..#..#.##.#...## ##...###.#
......#..g....##.## ##......#
.........#.#####.# ########
.)...............#


You could see a hobgoblin and a bat.

Vanquished Creatures
  2 goblins (D:1)
  3 hobgoblins (D:1)
5 creatures vanquished.

Vanquished Creatures (others)
  11 foxfires (D:1)
11 creatures vanquished.

Grand Total: 16 creatures vanquished

Notes
Turn   | Place    | Note
-------+----------+-------------------------------------------
     0 | D:1      | Gauvater the Octopode Fire Elementalist began the quest for
                  | the Orb.
     0 | D:1      | Reached XP level 1. HP: 11/11 MP: 3/3
   124 | D:1      | Reached XP level 2. HP: 4/17 MP: 1/5
   124 | D:1      | Slain by a hobgoblin

Illustrated notes

Levels and vault maps discovered:
D:1:      heliophobic_arrival_glass_houses, layout_loops_ring

Action                   || total
-------------------------++-------
Melee: Unarmed           ||     9
       Constrict         ||     4
       Tentacles         ||     1
 Cast: Foxfire           ||     6
Armor: Skin              ||     5
Dodge: Dodged            ||    22
